 Dungeon Crawl Stone Soup version 0.31-a0-210-gccc998df9b (webtiles) character file.

Game seed: 6234484475498163619

122 qw the Shooter (level 4, -4/36 HPs)
             Began as a Minotaur Hexslinger on June 30, 2023.
             Slain by a hobgoblin (5 damage)
             ... led by Robin
             ... on level 3 of the Dungeon.
             The game lasted 00:00:35 (1566 turns).

qw the Shooter (Minotaur Hexslinger)                Turns: 1566, Time: 00:00:36

Health: -4/36      AC:  8    Str: 12    XL:     4   Next: 78%
Magic:  4/4        EV: 11    Int: 10    God:
Gold:   44         SH:  0    Dex: 15    Spells: 4/5 levels left

rFire   . . .        Y - +1 sling
rCold   . . .        (no shield)
rNeg    . . .        g - +0 ring mail
rPois   .            (helmet restricted)
rElec   .            (no cloak)
rCorr   .            (no gloves)
SInv    .            j - +2 pair of boots
Will    .....        (no amulet)
Stlth   +            (no ring)
HPRegen 0.26/turn    (no ring)
MPRegen 0.09/turn

%: no passive effects
@: no status effects
A: horns 2, retaliatory headbutt
a: no special abilities


You were on level 3 of the Dungeon.
You visited 1 branch of the dungeon, and saw 3 of its levels.

You collected 44 gold pieces.


Innate Abilities, Weirdness & Mutations

You have a pair of horns on your head.
You reflexively headbutt those who attack you in melee.


   Skills:
 - Level 2.0 Fighting
 + Level 4.2 Ranged Weapons
 - Level 3.3 Armour
 - Level 2.1 Dodging
 - Level 1.0 Spellcasting
 - Level 2.0 Hexes


You had 4 spell levels left.
You knew the following spells:

 Your Spells              Type           Power      Damage    Failure   Level
a - Slow                  Hex            16%        N/A       32%         1

Your spell library contained the following spells:

 Spells                   Type           Power      Damage    Failure   Level
 Inner Flame              Hex/Fire       2%         N/A       82%         3
 Portal Projectile        Hex/Tloc       4%         N/A       82%         3
 Cause Fear               Hex            2%         N/A       97%         4

Inventory:

Hand Weapons
 Y - a +1 sling (weapon)
Armour
 g - a +0 ring mail (worn)
 j - a +2 pair of boots (worn)
Scrolls
 h - a scroll of identify
Potions
 b - a potion of degeneration {unknown}
 e - 3 potions of curing
 f - a potion of cancellation {unknown}
 i - a potion of mutation {unknown}

Dungeon Overview and Level Annotations

Branches:
Dungeon (3/15)

Altars:

Annotations:
D:3 Robin


Message History

The sling bullet hits Robin.
Robin is heavily wounded.
The goblin barely misses you.
The hobgoblin hits you but does no damage.
Robin hits you but does no damage. The goblin barely misses you.
The goblin hits you with a +0 club. x2; Robin completely misses you.
The goblin misses you.
The hobgoblin hits you but does no damage.
The goblin barely misses you.
You shoot a sling bullet.
The sling bullet closely misses the hobgoblin.
The sling bullet hits Robin.
Robin is heavily wounded.
The goblin hits you with a +0 club.
The hobgoblin hits you but does no damage.
The goblin hits you but does no damage. The goblin misses you.
Robin closely misses you.
You shoot a sling bullet.
The sling bullet closely misses the hobgoblin.
The sling bullet hits Robin but does no damage.
Robin is heavily wounded.
The goblin no longer looks unusually strong. x2
The goblin hits you but does no damage.
Robin roars a battlecry!
The goblins go into a battle-frenzy!
The goblin barely misses you. The goblin closely misses you.
You furiously retaliate!
You headbutt the goblin!
You kill the goblin!
The hobgoblin hits you but does no damage.
You shoot a sling bullet.
The sling bullet barely misses the hobgoblin.
The sling bullet hits Robin.
Robin is heavily wounded.
The goblin barely misses you.
The hobgoblin hits you but does no damage.
Robin misses you. The goblin closely misses you.
The goblin hits you but does no damage.
Robin hits you from afar with a +0 trident.
The goblin hits you but does no damage. The hobgoblin hits you.
You die...

#........#
####.##### #.#
##'## ##...##
##.....##
#.......##
#.......g)####...
+........@ggr))..
#.......)g####...
##.......##
##.....## ##...##
##+#


You could see Robin, a hobgoblin (strong), 2 goblins and a rat.

Vanquished Creatures
  A scorpion (D:2)
  3 dart slugs (D:1)
  3 bats
  An endoplasm (D:3)
  5 giant cockroaches
  11 goblins
  9 hobgoblins
  3 quokkas
  2 ball pythons (D:1)
  2 frilled lizards
  5 kobolds
  3 rats
48 creatures vanquished.

Notes
Turn   | Place    | Note
-------+----------+-------------------------------------------
     0 | D:1      | qw the Minotaur Hexslinger began the quest for the Orb.
     0 | D:1      | Reached XP level 1. HP: 16/16 MP: 1/1
     0 | D:1      | 0 ||| qw: Version: 0.3-a-26-gee661ec
     0 | D:1      | 0 ||| qw: Game counter: 7241
     0 | D:1      | 0 ||| qw: Melee chars always use a shield: true
     0 | D:1      | 0 ||| qw: God list: Okawaru
     0 | D:1      | 0 ||| qw: Allow faded altars: false
     0 | D:1      | 0 ||| qw: Do Orc after clearing Dungeon:15 true
     0 | D:1      | 0 ||| qw: Do second Lair branch before Depths: true
     0 | D:1      | 0 ||| qw: Lair rune preference: random
     0 | D:1      | 0 ||| qw: Goals: Normal
     0 | D:1      | 0 ||| PLANNING D:1-11
    19 | D:1      | 19 ||| FLEEEEING.
   100 | D:1      | Reached skill level 3 in Ranged Weapons
   127 | D:1      | Reached XP level 2. HP: 17/23 MP: 2/2
   402 | D:1      | Reached XP level 3. HP: 29/29 MP: 3/3
   574 | D:1      | 574 ||| UPGRADING to +0 ring mail.
   584 | D:1      | 584 ||| DROPPING +0 robe.
   585 | D:1      | 585 ||| READING scroll labelled CECYDUOFFE.
   586 | D:1      | 586 ||| READING scroll labelled XISOCZ ZOKLUSI.
   587 | D:1      | 587 ||| READING scroll labelled KAXZURU RUEL.
   592 | D:1      | 592 ||| DROPPING scroll of poison.
   865 | D:2      | Reached skill level 4 in Ranged Weapons
  1241 | D:2      | Noticed a scorpion
  1256 | D:2      | HP: 6/29 [scorpion (2)]
  1259 | D:2      | Killed a scorpion
  1260 | D:2      | Reached skill level 3 in Armour
  1260 | D:2      | Reached XP level 4. HP: 5/36 MP: 4/4
  1476 | D:2      | 1476 ||| UPGRADING to +2 pair of boots.
  1481 | D:2      | 1481 ||| READING 3 scrolls labelled FEOSEC QOEKIG.
  1482 | D:2      | 1482 ||| READING 2 scrolls labelled ASUORGH XYONNE.
  1483 | D:2      | 1483 ||| READING scroll labelled JOTUTU REINEL.
  1484 | D:2      | 1484 ||| DRINKING 4 bubbling grey potions.
  1485 | D:2      | 1485 ||| DROPPING 2 scrolls of immolation.
  1486 | D:2      | 1486 ||| DROPPING scroll of amnesia.
  1546 | D:3      | Noticed Robin
  1563 | D:3      | HP: 8/36 [goblin/+0 club[Robin] (2)]
  1566 | D:3      | HP: 1/36 [Robin/+0 trident (6)]
  1566 | D:3      | Slain by a hobgoblin

Levels and vault maps discovered:
D:1:      nagdon_arrival_double_spiral, layout_loops_ring
D:2:      layout_basic, minmay_bisected
D:3:      layout_loops_corners, led_xom_imps, uniq_robin

Skill      XL: |  1  2  3 |
---------------+----------+-----
Ranged Weapons | 3 4 |  4.2
Fighting       | 2 |  2.0
Armour         | 3 |  3.3
Dodging        | |  2.1
Spellcasting   | |  1.0
Hexes          | |  2.0

Action                     |  1- 3 |  4- 6 || total
---------------------------+-------+-------++-------
   Fire: Sling             |   108 |    21 ||   129
    Use: Scroll            |     3 |     3 ||     6
         Potion            |       |     1 ||     1
 Armour: Ring mail         |     4 |    22 ||    26
         Robe              |     1 |       ||     1
  Dodge: Dodged            |    27 |    25 ||    52

Table legend:
 A = Non-vault XP
 B = Vault XP
 C = Vault XP percentage of total XP
 D = Non-vault monster count
 E = Vault monster count
 F = Vault count percentage of total count
                 A         B        C        D         E       F
            +---------+---------+-------+---------+---------+-------
      Total |     155 |      20 |  11.4 |      37 |      11 |  22.9
            +---------+---------+-------+---------+---------+-------
        D:1 |      48 |       0 |   0.0 |      25 |       0 |   0.0
        D:2 |     104 |       5 |   4.6 |      10 |       3 |  23.1
        D:3 |       3 |      15 |  83.3 |       2 |       8 |  80.0
            +---------+---------+-------+---------+---------+-------
